 Dungeon Crawl Stone Soup version 0.30-b1-2-g02819fbbbe (webtiles) character file.

Game seed: 5443263545858302401

28541 ketsa the Eclecticist (level 13, 0/100 HPs)
             Began as a Djinni Conjurer on June 2, 2023.
             Was a Believer of Ashenzari.
             Slain by a boulder beetle (31 damage)
             ... on level 12 of the Dungeon on June 5, 2023.
             The game lasted 00:55:47 (17018 turns).

ketsa the Eclecticist (Djinni Conjurer)            Turns: 17018, Time: 00:55:47

Health: 0/100      AC:  9    Str:  6    XL:     13   Next: 74%
Gold:   791        EV: 12    Int: 24    God:    Ashenzari [**....] SH:  0 Dex: 13

rFire   + + +        O - +7 falchion "Duilizab" {freeze, rF+}
rCold   . . .        (no shield)
rNeg    . . .        Z - +1 troll leather armour of the Elysian Seer {Regen+, Self, Range} (curse)
rPois   ∞            S - +2 hat "Oracular Fallacy" {Melee, Self} (curse)
rElec   .            L - +0 cloak
rCorr   +            E - +0 pair of gloves "Perceptive Abstinence" {Evo, Cun} (curse)
SInv    +            (boots unavailable)
Will    +....        (no amulet)
Stlth   ++           v - ring of protection from cold
HPRegen 1.16/turn    N - ring of resist corrosion
MPRegen 0.00/turn

%: infuse magic (-1 HP)
@: flying
A: sickness immunity, fire resistance 2, cold vulnerability 1, float, innate
caster, HP casting, extra vitality 1
a: Renounce Religion, Curse Item, Shatter the Chains


You were on level 12 of the Dungeon.
You worshipped Ashenzari.
Ashenzari was pleased with you.
You visited 5 branches of the dungeon, and saw 22 of its levels.

You collected 791 gold pieces.

Inventory:

Hand Weapons
 e - a +0 dagger
 i - a +2 short sword of freezing
 o - a +2 short sword of protection
 D - a +5 falchion
 O - the +7 falchion "Duilizab" (weapon) {freeze, rF+}
   (You found it on level 3 of the Lair of Beasts)

   rF:        It protects you from fire.
Missiles
 d - 11 curare-tipped darts
 k - a throwing net
 M - 30 poisoned darts
Armour
 a - a +0 robe
 C - a +0 buckler
 E - the cursed +0 pair of gloves "Perceptive Abstinence" (worn) {Evo, Cun}
   (You found it on level 5 of the Dungeon)

   It has a curse which improves the following skills: Evocations: Evocations.
   Cunning:   Dodging and Stealth.
 L - a +0 cloak (worn)
 S - the cursed +2 hat "Oracular Fallacy" (worn) {Melee, Self}
   (You found it on level 10 of the Dungeon)

   It has a curse which improves the following skills: Melee Combat: Short
   Blades, Long Blades, Axes, Maces & Flails, Polearms, Staves and Unarmed
   Combat.
   Introspection: Fighting and Spellcasting.
 U - a scarf of shadows
 X - +0 acid dragon scales
 Y - a +2 helmet
 Z - the cursed +1 troll leather armour of the Elysian Seer (worn) {Regen+, Self, Range}
   (You found it on level 10 of the Dungeon)

   Regen:     It increases your rate of health regeneration.
   It has a curse which improves the following skills: Introspection: Fighting
   and Spellcasting.
   Ranged Combat: Ranged Weapons and Throwing.
Jewellery
 c - a ring of wizardry
 v - a ring of protection from cold (left hand)
 N - a ring of resist corrosion (right hand)
 P - a +4 ring of slaying
 Q - a ring of see invisible
 R - a +5 ring of evasion
Wands
 b - a wand of quicksilver (12)
 x - a wand of charming (13)
 T - a wand of digging (5)
 V - a wand of flame (9)
Scrolls
 g - 3 scrolls of fear
 h - 5 scrolls of poison
 l - 4 scrolls of teleportation
 p - 2 scrolls of immolation
 r - a scroll of torment
 t - a scroll of fog
 u - a scroll of vulnerability
 G - 2 scrolls of enchant weapon
 I - 2 scrolls of blinking
 K - 2 scrolls of summoning
Potions
 j - 3 potions of cancellation
 m - 4 potions of mutation
 n - a potion of experience
 q - 7 potions of curing
 s - 4 potions of heal wounds
 w - 7 potions of lignification
 z - a potion of might
 A - 2 potions of ambrosia
 B - 5 potions of brilliance
 F - 2 potions of resistance
 H - 2 potions of berserk rage
 J - a potion of haste
 W - 2 potions of attraction


   Skills:
 - Level 10.0(11.7) Fighting
 - Level 2.1(3.1) Dodging
 - Level 1.5(2.4) Stealth
 + Level 15.7(17.3) Spellcasting


You knew the following spells:

 Your Spells              Type           Power      Damage    Failure   Level
a - Magic Dart            Conj           100%       1d8       0%          1
b - Searing Ray           Conj           100%       2d8       0%          2
c - Dazzling Flash        Conj/Hex       100%       N/A       0%          3
d - Fulminant Prism       Conj/Hex       40%        3d19      1%          4
e - Iskenderun's Mystic   Conj/Tloc      81%        2d16      1%          4
f - Necrotise             Necr           100%       1d9       0%          1
g - Poisonous Vapours     Pois/Air       100%       N/A       0%          2
h - Tukima's Dance        Hex            81%        N/A       0%          3
i - Ice Form              Ice/Tmut       81%        N/A       1%          4
j - Lee's Rapid Deconstr  Erth           40%        3d20*     1%          5
k - Yara's Violent Unrav  Hex/Tmut       40%        3d16      1%          5
Your spell library was empty.

Dungeon Overview and Level Annotations

Branches:
Dungeon (15/15) Zot: 26889  Temple (1/1) D:7 Zot: 5731    Lair (4/5) D:9 Zot: 19998
  Swamp (1/4) Lair:2 Zot: 5982   Snake (1/4) Lair:3 Zot: 5982
  Slime: Lair:4-5       Orc: D:9-12      Vaults: D:13-14     Depths: D:15

Altars:
Ashenzari
Cheibriados
Dithmenos
Elyvilon
Fedhas
Gozag
Hepliaklqana
Makhleb
Nemelex Xobeh
Okawaru
Qazlal
Ru
Trog
Uskayaw
Wu Jian
Xom
Yredelemnul
Zin
The Shining One

Shops:
D:1 [   D:2 :   D:4 (   D:5 =   D:7 :[!   D:10 *   Snake:1 =

Portals:
Gauntlet: D:12

Annotations:
Lair:4 2 transporters, Murgh's ghost, journeyman MiBe


Innate Abilities, Weirdness & Mutations

You are immune to sickness and miasma.
You are immune to poison.
Your flesh is very heat resistant. (rF++)
You are vulnerable to cold. (rC-)
You float through the air rather than walking.
You learn spells naturally, not from books.
Your magical power is your life essence.
You have superior vitality. (+4 MHP)


Message History

Press: ? - help, Dir - move target A rock wall.
The wall shatters!
The blast of rock fragments hits the boulder beetle but does no damage.
The boulder beetle is moderately wounded.
Casting: Lee's Rapid Deconstruction (safe; 1% risk of failure)
Confirm with . or Enter, or press ? or * to list all spells.
Aiming: Lee's Rapid Deconstruction (safe; 1% risk of failure)
Press: ? - help, Dir - move target A rock wall.
The wall shatters!
The blast of rock fragments hits the boulder beetle!
The boulder beetle is heavily wounded.
You hear the beating of a drum very nearby.
The boulder beetle hits you!!!
The boulder beetle stops rolling and uncurls.
Casting: Lee's Rapid Deconstruction (safe; 1% risk of failure)
Confirm with . or Enter, or press ? or * to list all spells.
Aiming: Lee's Rapid Deconstruction (safe; 1% risk of failure)
Press: ? - help, Dir - move target A rock wall.
The wall shatters!
The blast of rock fragments hits the boulder beetle!
The boulder beetle is severely wounded.
* * * LOW HITPOINT WARNING * * *
The boulder beetle leaps!
A boulder beetle is nearby!
The boulder beetle curls into a ball and begins rolling!
Casting: Lee's Rapid Deconstruction (safe; 1% risk of failure)
Confirm with . or Enter, or press ? or * to list all spells.
Aiming: Lee's Rapid Deconstruction (safe; 1% risk of failure)
Press: ? - help, Dir - move target A rock wall.
The wall shatters!
The blast of rock fragments hits the boulder beetle.
The boulder beetle is severely wounded.
* * * LOW HITPOINT WARNING * * *
You hear a bellow!
The boulder beetle hits you!!
You die...

, *#°# *** * #B# , ,*
#.# * #..######?# ,
.......(..# #########.
*#..######○# #........ *
*
#>.######.####......##**
* ,
#.{#...†..°°○B.....#.#
.##..#†####.####@†....#
..>..#.# #.# #.....##
V......# #.# ###.###
.*....## #.# #.# #
..##... , ..#
#.###########.#. . #.###
*#.# ##.##.......>....
.. , ,
..#####...#.########.#.
.## ****
#............... #, ,..
, *#.##...#.##.####* ,


You could see a boulder beetle (rolling).

Vanquished Creatures
  Josephine (D:11)
  2 hydras
  2 two-headed ogres
  A tengu warrior (D:13)
  A death yak (Lair:3)
  Sonja (Lair:1)
  Amaemon (Lair:1)
  4 ugly things (D:14)
  An oklob plant (Lair:3)
  A deep elf pyromancer (D:13)
  2 cyclopes
  3 black mambas
  A molten gargoyle (Lair:4)
  A gargoyle (D:11)
  5 cane toads
  A torpor snail (Lair:3)
  An orange demon (Lair:1)
  2 rime drakes
  5 komodo dragons
  A tengu conjurer (D:13)
  5 trolls
  A hornet (D:9)
  6 wraiths
  32 yaks
  4 slime creatures (D:14)
  A vampire (D:12)
  A wyvern (Lair:1)
  3 basilisks
  A fire elemental (Lair:4)
  3 nagas
  2 acid dragons (D:10)
  2 swamp worms (Swamp:1)
  8 water moccasins
  2 black bears
  3 orc warriors
  A sky beast (D:7)
  5 wolves (Lair:4)
  7 centaurs
  An ogre (D:7)
  2 phantoms
  7 bullfrogs
  5 kobold brigands
  2 necrophages (D:5)
  2 scorpions
  8 wights
  3 howler monkeys
  A human zombie (D:5)
  2 jellies
  5 orc priests
  A sleepcap (D:5)
  3 hounds
  3 iguanas (D:6)
  Natasha (D:4)
  9 orc wizards
  3 mummies (D:5)
  4 adders
  4 gnolls
  2 shadow imps
  A white imp (D:6)
  3 ufetubi
  An adder zombie (D:5)
  5 dart slugs
  34 orcs
  7 endoplasms
  3 giant cockroaches (D:3)
  6 goblins
  8 hobgoblins
  25 kobolds
  7 quokkas
  9 ball pythons
  7 bats
  2 frilled lizards (D:3)
  2 rats
312 creatures vanquished.

Vanquished Creatures (collateral kills)
  Pikel (D:5)
1 creature vanquished.

Vanquished Creatures (others)
  99 fulminant prisms
  8 fungi
  33 plants
140 creatures vanquished.

Grand Total: 453 creatures vanquished

Notes
Turn   | Place    | Note
-------+----------+-------------------------------------------
     0 | D:1      | ketsa the Djinni Conjurer began the quest for the Orb.
     0 | D:1      | ketsa set off with the following spells memorised: Magic
                  | Dart, Searing Ray, Dazzling Flash, Fulminant Prism,
                  | Iskenderun's Mystic Blast.
     0 | D:1      | Reached XP level 1. HP: 15/15 MP: 0/0
   258 | D:1      | Reached XP level 2. HP: 19/21 MP: 0/0
   306 | D:1      | Found Lamoseru's Armour Shop.
   591 | D:1      | Reached XP level 3. HP: 23/25 MP: 0/0
   591 | D:1      | Learned a level 1 spell: Necrotise
   903 | D:1      | Reached skill level 4 in Spellcasting
  1186 | D:2      | Reached XP level 4. HP: 28/31 MP: 0/0
  1252 | D:2      | Found a faded altar of an unknown god.
  1297 | D:2      | Noticed a walking earthen tome
  1307 | D:2      | Found Juwut's Book Shop.
  1309 | D:2      | Noticed a walking frostbound tome
  1689 | D:3      | Found a hazy altar of Hepliaklqana.
  1690 | D:3      | Found a shadowy altar of Dithmenos.
  1692 | D:3      | Noticed a shadow
  2141 | D:3      | Found a snail-covered altar of Cheibriados.
  2292 | D:3      | Reached XP level 5. HP: 10/35 MP: 0/0
  2292 | D:3      | Learned a level 2 spell: Poisonous Vapours
  2536 | D:4      | Found Jigap's Antique Weapon Boutique.
  2581 | D:4      | Noticed a centaur
  2682 | D:4      | Reached skill level 5 in Spellcasting
  2878 | D:4      | Noticed Natasha
  2881 | D:4      | Killed Natasha
  3037 | D:5      | Entered Level 5 of the Dungeon
  3053 | D:5      | Reached XP level 6. HP: 34/40 MP: 0/0
  3096 | D:5      | Reached skill level 1 in Fighting
  3221 | D:5      | Found Ciedom's Jewellery Emporium.
  3535 | D:5      | Noticed a black bear
  3541 | D:5      | Killed a black bear
  3542 | D:5      | Reached skill level 6 in Spellcasting
  3542 | D:5      | Reached XP level 7. HP: 35/49 MP: 0/0
  3542 | D:5      | Learned a level 3 spell: Tukima's Dance
  3636 | D:5      | Noticed Pikel
  3656 | D:5      | Killed Pikel
  3657 | D:5      | Reached skill level 7 in Spellcasting
  3657 | D:5      | Reached XP level 8. HP: 44/58 MP: 0/0
  4009 | D:5      | Found a basalt altar of Yredelemnul.
  4532 | D:5      | Reached XP level 9. HP: 61/64 MP: 0/0
  4532 | D:5      | Learned a level 4 spell: Ice Form
  4579 | D:5      | Reached skill level 5 in Fighting
  4991 | D:6      | Reached skill level 8 in Spellcasting
  5971 | D:7      | Reached skill level 9 in Spellcasting
  6199 | D:7      | Noticed a troll
  6204 | D:7      | Killed a troll
  6205 | D:7      | Reached XP level 10. HP: 62/73 MP: 0/0
  6283 | D:7      | Found Vaczigou's Distillery.
  6287 | D:7      | Found Joaph's Armour Shoppe.
  6503 | D:7      | Found a staircase to the Ecumenical Temple.
  6565 | Temple   | Entered the Ecumenical Temple
  6822 | Temple   | Became a worshipper of Ashenzari the Shackled
  7206 | D:7      | Found Litzer's Book Emporium.
  7349 | D:8      | Noticed a two-headed ogre
  7358 | D:8      | Killed a two-headed ogre
  7670 | D:8      | Found a sacrificial altar of Ru.
  7863 | D:8      | Reached skill level 10 in Spellcasting
  8252 | D:9      | Reached XP level 11. HP: 64/84 MP: 0/0
  8252 | D:9      | Learned a level 5 spell: Lee's Rapid Deconstruction
  8619 | D:9      | Found a staircase to the Lair.
  9549 | D:9      | Identified the +0 leather armour of the Moon Troll {+Inv
                  | Str+4}
  9696 | D:10     | Entered Level 10 of the Dungeon
  9717 | D:10     | Noticed an eight-headed hydra
  9726 | D:10     | Killed an eight-headed hydra
  9727 | D:10     | Reached skill level 10 in Fighting
  9952 | D:10     | Noticed a cyclops
  9956 | D:10     | Killed a cyclops
  9957 | D:10     | Reached skill level 11 in Spellcasting
 10450 | D:10     | Found Jazxo's Overcharged Wands.
 10452 | D:10     | Noticed a two-headed ogre
 10464 | D:10     | Killed a two-headed ogre
 11029 | D:10     | Identified the +0 robe of Nuv Ilovydgh {rPois Str-3 SInv}
 11513 | Lair:1   | Entered Level 1 of the Lair of Beasts
 11695 | Lair:1   | Reached skill level 12 in Spellcasting
 11697 | Lair:1   | Reached XP level 12. HP: 42/91 MP: 0/0
 12364 | Lair:1   | Noticed Sonja
 12373 | Lair:1   | Killed Sonja
 12374 | Lair:1   | Reached skill level 13 in Spellcasting
 12534 | Lair:1   | Noticed Amaemon
 12537 | Lair:1   | Killed Amaemon
 13206 | Lair:2   | Found a staircase to the Swamp.
 13727 | Swamp:1  | Entered Level 1 of the Swamp
 13741 | Swamp:1  | Noticed a spriggan rider
 13990 | Lair:3   | Noticed a death yak
 14002 | Lair:3   | Killed a death yak
 14548 | Lair:3   | Reached skill level 14 in Spellcasting
 14654 | Lair:3   | Found a staircase to the Snake Pit.
 14663 | Snake:1  | Entered Level 1 of the Snake Pit
 14663 | Snake:1  | Found Ramnana's Jewellery Emporium.
 14678 | Snake:1  | Noticed a naga warrior
 14817 | Lair:3   | Reached * piety under Ashenzari
 14825 | Lair:3   | Reached XP level 13. HP: 79/98 MP: 0/0
 14825 | Lair:3   | Learned a level 5 spell: Yara's Violent Unravelling
 14945 | Lair:3   | Noticed an eight-headed hydra
 15146 | Lair:3   | Identified the +7 falchion "Duilizab" {freeze, rF+}
 15292 | Lair:3   | Killed an eight-headed hydra
 15647 | Lair:4   | Found a transporter.
 15961 | Lair:4   | Noticed Murgh's ghost (journeyman MiBe)
 16037 | Lair:4   | Found a transporter.
 16038 | Lair:4   | Identified Kikubaaqudgha's Monograph on Sinister Deeds (You
                  | found it on level 10 of the Dungeon)
 16237 | D:10     | Reached ** piety under Ashenzari
 16266 | D:11     | Noticed Josephine
 16276 | D:11     | Killed Josephine
 16284 | D:11     | Reached skill level 15 in Spellcasting
 16630 | D:11     | You are sucked into a shaft and drop 3 floors!
 16651 | D:15     | Entered Level 15 of the Dungeon
 16943 | D:12     | Found a gate leading to a gauntlet.
 17018 | D:12     | Slain by a boulder beetle

Illustrated notes

Levels and vault maps discovered:
D:1:      dpeg_arrival_tiny_f, layout_basic, serial_shops,
          nicolae_shop_scrapyard
D:2:      layout_rooms, basic_altar, basic_ecumenical_altar, serial_shops,
          nicolae_shop_mannequins
D:3:      minmay_chambers_of_twos, layout_loops_cross,
          riverfiend_overflow_shadow_ancestor, kennysheep_slug_shrine,
          kennysheep_decorative_pillar
D:4:      layout_basic, serial_shops,
          nicolae_shop_temple_entry_statues_fountains, uniq_natasha
D:5:      layout_basic, lemuel_mausoleum_altar_yredelemnul, serial_shops,
          nicolae_shop_advertising_works [nicolae_subvault_shop_adworks],
          item_on_display_a, uniq_pikel
D:6:      layout_basic
D:7:      layout_cave_pods, minmay_temple_entry_proselytizer, serial_shops,
          nicolae_shop_behind_doors, nicolae_shop_industrial_runoff, shop
D:8:      layout_loops_ring, nicolae_ru_path_of_blood
D:9:      layout_gridville, david_lair_shrubbed, serial_bayou_ford_a
D:10:     layout_cave_pods, palyth_temple_overflow_mages,
          nicolae_shop_overcharged_wands
D:11:     layout_long_grid, uniq_josephine
D:12:     layout_loops_ring, orc_david_3, gauntlet_entry_generic
D:13:     layout_roguey, skrybe_vaults_entry_preservation
D:14:     layout_grid_maze, minivault_24
D:15:     hangedman_depths_entry_try_elsewhere_first, layout_basic,
          ashenzari_altar_1
Temple:   minmay_temple_curvy_branch
Lair:1:   layout_hall_layers, grunt_megastairs_1, uniq_amaemon, uniq_sonja
Lair:2:   layout_chaotic_city, swamp_mist
Lair:3:   layout_cave_pods, guppyfry_snake_entry_garden
Lair:4:   layout_gridlike, gammafunk_ghost_wrathful_warriors
Swamp:1:  layout_basic_swamp, evilmike_swamp_ruin_house_2, swamp_pool5,
          nicolae_swamp_catching_bugs
Snake:1:  layout_misc_corridors, serial_shops, shop, nicolae_snake_lava_pool,
          uniq_louise, uniq_kirke, uniq_aizul

Skill      XL: |  1  2  3  4  5  6  7  8  9 10 11 12 13 |
---------------+----------------------------------------+-----
Spellcasting   | 4 5 6 7 9 10 12 14 15 | 15.7
Fighting       | 2 3 4 6 9 10 | 10.0
Dodging        | |  2.1
Stealth        | |  1.5

Action                     |  1- 3 |  4- 6 |  7- 9 | 10-12 | 13-15 || total
---------------------------+-------+-------+-------+-------+-------++-------
  Melee: Unarmed           |     1 |       |       |     2 |       ||     3
         Short sword       |       |     2 |       |    14 |       ||    16
         Falchion          |       |       |       |       |     3 ||     3
   Cast: Magic Dart        |    67 |    76 |    18 |    57 |     7 ||   225
         Searing Ray       |     1 |    19 |    45 |    22 |     9 ||    96
         Poisonous Vapours |       |     1 |       |       |       ||     1
         Tukima's Dance    |       |       |     1 |       |       ||     1
         Iskenderun's Myst |       |       |     2 |    25 |     4 ||    31
         Fulminant Prism   |       |       |     6 |    64 |    29 ||    99
         Ice Form          |       |       |     1 |     1 |       ||     2
         Lee's Rapid Decon |       |       |       |    83 |    37 ||   120
 Invoke: Curse Item        |       |       |       |     2 |     1 ||     3
    Use: Potion            |       |       |     1 |       |       ||     1
         Scroll            |       |       |     4 |    13 |     2 ||    19
   Stab: Sleeping          |       |     1 |       |       |       ||     1
 Armour: Robe              |     1 |     2 |     5 |    16 |     2 ||    26
         Troll leather arm |       |       |       |       |     7 ||     7
  Dodge: Dodged            |    10 |    30 |    34 |    52 |    20 ||   146
